 Dungeon Crawl Stone Soup version 0.31.0-32-g396128a36d (webtiles) character file.

Game seed: 14496061075031460975

182 Henri the Ruffian (level 5, -1/36 HPs)
             Began as an Octopode Shapeshifter on Apr 12, 2024.
             Slain by an ogre
             ... wielding a +0 giant spiked club
              (13 damage)
             ... on level 5 of the Dungeon.
             The game lasted 00:05:16 (2072 turns).

Henri the Ruffian (Octopode Shapeshifter)           Turns: 2072, Time: 00:05:16

Health: -1/36      AC:  1    Str: 15    XL:     5   Next: 61%
Magic:  0/5        EV: 13    Int: 12    God:
Gold:   204        SH:  0    Dex: 12    Spells: 4/4 levels left

rFire   . .          .
                       - Unarmed
rCold   . . .        (no shield)
rNeg    . . .        (helmet currently unavailable)
rPois   .            e - amulet of guardian spirit
rElec   .            (no ring)
rCorr   .            (no ring)
SInv    .            (no ring)
Will    .....        (no ring)
Stlth   ++           (no ring)
HPRegen 0.26/turn    (no ring)
MPRegen 0.09/turn    (no ring)
                     (no ring)

%: guardian spirit
@: beast-form
A: beast (slay +2), almost no armour, amphibious, 8 rings, camouflage 1,
gelatinous body 1, (nimble swimmer 1), tentacles
a: Begin Untransformation


You were on level 5 of the Dungeon.
You were a hulking beast.
You visited 1 branch of the dungeon, and saw 4 of its levels.

You collected 204 gold pieces.

Inventory:

Jewellery
 e - an amulet of guardian spirit (around mantle)
Talismans
 b - a beast talisman
 c - a flux talisman
Scrolls
 h - a scroll of enchant weapon {unknown}
 i - a scroll of teleportation {unknown}
 j - a scroll of identify {unknown}
 k - a scroll of immolation {unknown}
 l - a scroll of summoning {unknown}
Potions
 a - a potion of lignification
 d - a potion of heal wounds {unknown}
 f - a potion of magic {unknown}
 g - 4 potions of curing {unknown}


   Skills:
 + Level 2.8 Fighting
 - Level 2.0 Dodging
 * Level 5.0 Unarmed Combat
 - Level 3.5 Shapeshifting


You had 4 spell levels left.
You didn't know any spells.
Your spell library contained the following spells:

 Spells                   Type           Power      Damage    Failure   Level
 Brom's Barrelling Bould  Conj/Erth      0%         2d3       97%         4
 Fireball                 Conj/Fire      0%         3d3       100%        5
 Iskenderun's Battlesphe  Conj           0%         2d6       100%        5
 Conjure Ball Lightning   Conj/Air       0%         3x3d6     100%        6
 Orb of Destruction       Conj           0%         9d5       100%        7


Dungeon Overview and Level Annotations

Branches:
Dungeon (3/15)

Altars:
Gozag
Makhleb
Xom

Shops:
D:5 *


Innate Abilities, Weirdness & Mutations

You are a hulking beast.
Your limbs bulge with bestial killing power. (Slay +2)
You cannot wear most types of armour.
You are amphibious.
You can wear up to eight rings at the same time.
Your skin changes colour to match your surroundings (Stealth+).
Your rubbery body absorbs attacks. (AC +1, EV +1)
((You are camouflaged when in or above water. (Stealth+)))
You have tentacles for arms and can constrict up to eight enemies at once.


Message History

Found a stone staircase leading up.
The orc shouts!
The ogre shouts!
An iguana comes into view.
You miss the adder.
The iguana hisses angrily.
Your grab misses the adder. The adder barely misses you.
You miss the adder. You grab the adder. You constrict the adder.
The adder barely misses you.
You tentacle-slap the adder.
The adder is severely wounded.
You constrict the adder. The adder closely misses you.
You tentacle-slap the adder.
You kill the adder!
Your Unarmed Combat skill increases to level 5!
The ogre closely misses you. The orc attacks as it pursues you!
The orc barely misses you.
You tentacle-slap the orc. You grab the orc.
The orc is moderately wounded.
You constrict the orc. The orc barely misses you.
You release your grip on the orc.
You tentacle-slap the orc.
You kill the orc!
The iguana attacks as it pursues you! The iguana closely misses you.
You hear the slow rusting of a distant drain.
The ogre attacks as it pursues you!
The ogre hits you with a +0 giant spiked club!!
Ouch! That really hurt!
The iguana attacks as it pursues you! The iguana closely misses you.
The iguana hisses menacingly.
The iguana attacks as it pursues you! The iguana barely misses you.
The iguana attacks as it pursues you! The iguana misses you.
The iguana attacks as it pursues you! The iguana closely misses you.
The iguana attacks as it pursues you! The iguana closely misses you.
The iguana attacks as it pursues you! The iguana bites you!
You bludgeon the iguana! Your grab misses the iguana.
Your squeeze misses the iguana.
The iguana is severely wounded.
The iguana misses you.
The ogre hits you with a +0 giant spiked club!
You die...

#......†.....#
##.#.#.#.....#
#............#
##.#.#.##.####
#.........#
##.#.#.##.#
#<........#
##.#O#.#..#
#..l.h...#
##.#.#.#.#
###.....#
#######


You could see an ogre and an iguana.

Vanquished Creatures
  A bombardier beetle (D:2)
  Natasha (twice) (D:3)
  3 adders
  2 ribbon worms (D:2)
  3 dart slugs (D:2)
  5 orcs
  7 bats
  2 endoplasms (D:1)
  2 giant cockroaches
  3 goblins (D:2)
  3 hobgoblins
  3 jackals (D:5)
  2 quokkas
  4 ball pythons
  4 frilled lizards
  8 kobolds (D:1)
  7 rats
61 creatures vanquished.

Notes
Turn   | Place    | Note
-------+----------+-------------------------------------------
     0 | D:1      | Henri the Octopode Shapeshifter began the quest for the
                  | Orb.
     0 | D:1      | Reached XP level 1. HP: 13/13 MP: 1/1
   441 | D:1      | Reached XP level 2. HP: 18/18 MP: 2/2
   926 | D:2      | Noticed a bombardier beetle
   930 | D:2      | Killed a bombardier beetle
   931 | D:2      | Reached XP level 3. HP: 20/24 MP: 1/3
   973 | D:2      | Reached skill level 4 in Unarmed Combat
   973 | D:2      | Reached XP level 4. HP: 23/29 MP: 4/4
  1363 | D:2      | Found a shimmering altar of Xom.
  1573 | D:3      | Noticed Natasha
  1579 | D:3      | Killed Natasha
  1580 | D:3      | Reached XP level 5. HP: 26/35 MP: 2/5
  1622 | D:3      | Noticed Natasha
  1627 | D:3      | Killed Natasha
  1721 | D:3      | Found a faded altar of an unknown god.
  1851 | D:3      | Found an opulent altar of Gozag.
  1990 | D:3      | Found a burning altar of Makhleb.
  2007 | D:3      | You fall into a shaft and drop 2 floors!
  2007 | D:5      | Entered Level 5 of the Dungeon
  2021 | D:5      | Found Gomeakol's Assorted Antiques.
  2040 | D:5      | Noticed an ogre
  2046 | D:5      | Reached skill level 5 in Unarmed Combat
  2072 | D:5      | Slain by an ogre

Illustrated notes

Levels and vault maps discovered:
D:1:      minmay_arrival_diagonal_passages, layout_loops_corners,
          lexackson_kobold_supper
D:2:      kennysheep_big_flooded_room, layout_rooms, basic_altar
D:3:      layout_basic, lemuel_crystal_altar, grunt_gozag_statues,
          lightli_temple_of_fire, marbit_many_paths, lemuel_doored_altar,
          basic_ecumenical_altar, uniq_natasha
D:5:      layout_basic, lemuel_tele_altar, nicolae_kikubaaqudgha_miasma_corner,
          serial_shops, shop, lightli_sewer_entry_pipes, st_stairs_12,
          roderic_batcave

Skill      XL: |  1  2  3  4  5 |
---------------+----------------+-----
Fighting       | 2 |  2.8
Unarmed Combat | 4 5 |  5.0
Dodging        | |  2.0
Shapeshifting  | |  3.5

Action                     |  1- 3 |  4- 6 || total
---------------------------+-------+-------++-------
  Melee: Unarmed           |    52 |    68 ||   120
         Tentacles         |    11 |    16 ||    27
         Constrict         |    12 |    23 ||    35
         Punch             |     2 |     7 ||     9
   Stab: Sleeping          |     7 |     4 ||    11
 Armour: Skin              |    17 |    27 ||    44
  Dodge: Dodged            |    18 |    44 ||    62
